 Dungeon Crawl Stone Soup version 0.29.1-2-gbd0b4ee654 (webtiles) character file.

Game seed: 897970200217678151

710 gregunderscorem the Insei (level 7, -7/43 HPs)
             Began as an Octopode Transmuter on Nov 14, 2022.
             Was an Initiate of Cheibriados.
             Mangled by a two-headed ogre
             ... wielding a +0 giant club
              (16 damage)
             ... on level 5 of the Dungeon.
             The game lasted 00:11:02 (5599 turns).

gregunderscorem the Insei (Octopode Transmuter)     Turns: 5599, Time: 00:11:03

Health: -7/43      AC:  3    Str: 10    XL:     7   Next: 68%
Magic:  13/13      EV: 13    Int: 23    God:    Cheibriados [......]
Gold:   231        SH:  0    Dex: 13    Spells: 5/15 levels left

rFire   . . .      SeeInvis .     - Unarmed
rCold   . . .      Faith    .   (no shield)
rNeg    . . .      Spirit   .   (helmet restricted)
rPois   .          Reflect  .   (no amulet)
rElec   .          Harm     .   g - ring of wizardry
rCorr   .          Rampage  .   q - +6 ring of intelligence
Will    .....                   (no ring)
Stlth   +++.......              (no ring)
HPRegen 0.14/turn               (no ring)
MPRegen 0.13/turn               (no ring)
                                (no ring)
                                (no ring)

@: very slow
A: almost no armour, amphibious, 8 rings, camouflage 1, gelatinous body 1,
(nimble swimmer 1), tentacles, iridescent scales 1, dopey 1
a: Renounce Religion


You were on level 5 of the Dungeon.
You worshipped Cheibriados.
Cheibriados was noncommittal.
You visited 1 branch of the dungeon, and saw 5 of its levels.

You collected 231 gold pieces.

Inventory:

Hand Weapons
 j - a +2 quarterstaff of draining
Missiles
 m - a throwing net
Magical Staves
 i - a staff of poison
 l - a staff of conjuration
Jewellery
 g - a ring of wizardry (left tentacle)
 q - a +6 ring of intelligence (right tentacle)
Wands
 b - a wand of quicksilver (2)
 t - a wand of roots (7)
Scrolls
 d - a scroll of vulnerability
 f - a scroll of magic mapping
 k - a scroll of fog
 o - 2 scrolls of blinking
 p - 2 scrolls of teleportation
 s - a scroll of immolation {unknown}
Potions
 a - 2 potions of lignification
 c - a potion of heal wounds
 e - 2 potions of might


   Skills:
 - Level 1.0 Fighting
 - Level 2.1 Dodging
 - Level 0.9 Stealth
 + Level 5.6 Unarmed Combat
 + Level 4.6 Spellcasting
 + Level 5.0 Transmutations


You had 5 spell levels left.
You knew the following spells:

 Your Spells              Type           Power      Damage    Failure   Level
a - Beastly Appendage     Tmut           56%        N/A       1%          1
b - Wereblood             Tmut           28%        N/A       1%          2
c - Spider Form           Tmut/Pois      16%        N/A       4%          3
d - Ice Form              Ice/Tmut       16%        N/A       14%         4

Your spell library contained the following spells:

 Spells                   Type           Power      Damage    Failure   Level
 Apportation              Tloc           10%        N/A       4%          1
 Necrotise                Necr           20%        1d5       4%          1
 Summon Small Mammal      Summ           20%        N/A       4%          1
 Poisonous Vapours        Pois/Air       10%        N/A       6%          2
 Sublimation of Blood     Necr           5%         N/A       6%          2
 Blade Hands              Tmut           14%        N/A       14%         5
 Corpse Rot               Necr/Pois/Air  5%         N/A       36%         4
 Irradiate                Conj/Tmut      8%         3d14      36%         5
 Dragon Form              Tmut           14%        N/A       98%         7
 Summon Hydra             Summ           2%         N/A       100%        7


Dungeon Overview and Level Annotations

Branches:
Dungeon (5/15)
 Temple: D:4-7

Altars:
Cheibriados
Wu Jian


Innate Abilities, Weirdness & Mutations

You cannot wear most types of armour.
You are amphibious.
You can wear up to eight rings at the same time.
Your skin changes colour to match your surroundings (Stealth+).
Your rubbery body absorbs attacks. (AC +1, EV +1)
((You are camouflaged when in or above water. (Stealth+)))
You have tentacles for arms and can constrict up to eight enemies at once.
You are partially covered in iridescent scales. (AC +2)
You are dopey. (Int -2)


Message History

Items here: ( ) [ †.
Your transformation is almost over.
A howler monkey comes into view.
The howler monkey howls!
The howler monkey hoots and howls with incredible vigour!
You hear a shout! x2; You hear an angry hiss.
The howler monkey hoots and howls with incredible vigour!
You hear two shouts!
You hear an angry hiss.
You barely miss the howler monkey. The howler monkey closely misses you.
You hit the howler monkey.
The howler monkey is poisoned.
The howler monkey is lightly wounded.
Your transformation has ended.
The howler monkey hits you!
You closely miss the howler monkey. You grab the howler monkey.
The howler monkey is lightly wounded.
You constrict the howler monkey. The howler monkey hits you.
You tentacle-slap the howler monkey.
The howler monkey is heavily wounded.
You constrict the howler monkey. The howler monkey closely misses you.
You tentacle-slap the howler monkey. You squeeze the howler monkey.
The howler monkey is almost dead.
You constrict the howler monkey.
You kill the howler monkey!
Cheibriados appreciates the change of pace.
Your Transmutations skill increases to level 5!
A two-headed ogre comes into view. It is wielding two +0 giant clubs.
The two-headed ogre shouts in stereo!
You barely miss the two-headed ogre.
You squeeze the two-headed ogre, but do no damage.
You tentacle-slap the two-headed ogre.
The two-headed ogre is lightly wounded.
The two-headed ogre closely misses you.
The two-headed ogre hits you with a +0 giant club!!
* * * LOW HITPOINT WARNING * * *
You tentacle-slap the two-headed ogre. You squeeze the two-headed ogre.
The two-headed ogre is lightly wounded.
A river rat comes into view.
The two-headed ogre barely misses you.
The two-headed ogre hits you with a +0 giant club!
You die...

,,,,,,,****,,,,,,,,,,,,,,* *
,,,,,,>,,,,,,,,,,,,*,,,..# **
,,,,,,,,,,,,,,,,****,,,..## **,
,,,,,,,,,,,,,**** *,,,...# *#..
*,,,,,,,,,**** ***,#..# *#...
**,,,,**,** **#..###....
****,**,** #..##..... **
****,.##############..#....). ,**
***,r.....O@.........#......
,,****,,,################........
,,,,,,,,** ##....... ,,,,,,,**
#....... ,,,,,,,* #.......
,,,,,,** ##...).. ,,,,*,* #....<.
,,,,,,* ##..... *,,,,,* #.....


You could see a two-headed ogre and a river rat (wandering).

Vanquished Creatures
  Sigmund (D:4)
  Menkaure (D:4)
  2 necrophages (D:4)
  A howler monkey (D:5)
  2 hounds
  Ijyb (D:4)
  Natasha (thrice) (D:4)
  An iguana (D:4)
  4 gnolls (D:3)
  An adder (D:2)
  5 orcs
  2 endoplasms
  5 giant cockroaches
  6 goblins
  2 hobgoblins
  4 jackals (D:2)
  7 kobolds
  6 ball pythons
  5 bats
  4 rats (D:3)
63 creatures vanquished.

Notes
Turn   | Place    | Note
-------+----------+-------------------------------------------
     0 | D:1      | gregunderscorem the Octopode Transmuter began the quest for
                  | the Orb.
     0 | D:1      | Reached XP level 1. HP: 13/13 MP: 3/3
   487 | D:1      | Reached XP level 2. HP: 18/18 MP: 5/5
   490 | D:1      | Learned a level 2 spell: Wereblood
  1215 | D:2      | Reached XP level 3. HP: 14/23 MP: 4/6
  2570 | D:3      | Learned a level 3 spell: Spider Form
  2647 | D:3      | Reached XP level 4. HP: 15/28 MP: 4/8
  3230 | D:3      | Identified the +1 robe of Integrity {-Tele Int+5 SInv}
  3582 | D:4      | Reached XP level 5. HP: 23/33 MP: 6/9
  3587 | D:4      | Learned a level 4 spell: Ice Form
  3722 | D:4      | Identified the +0 ring mail "Keaceo" {Int+7}
  3772 | D:4      | Noticed Ijyb
  3790 | D:4      | Killed Ijyb
  3921 | D:4      | Found a snail-covered altar of Cheibriados.
  3924 | D:4      | Became a worshipper of Cheibriados the Contemplative
  3951 | D:4      | Found an ornate altar of the Wu Jian Council.
  4089 | D:4      | Noticed Natasha
  4095 | D:4      | Killed Natasha
  4328 | D:4      | Noticed Menkaure
  4402 | D:4      | Killed Menkaure
  4403 | D:4      | Reached XP level 6. HP: 27/38 MP: 6/11
  4595 | D:4      | Noticed Natasha
  4604 | D:4      | Killed Natasha
  4608 | D:4      | Noticed Sigmund
  4616 | D:4      | Killed Sigmund
  4617 | D:4      | Reached skill level 5 in Unarmed Combat
  4617 | D:4      | Reached XP level 7. HP: 19/43 MP: 5/13
  4724 | D:4      | Noticed Natasha
  4732 | D:4      | Killed Natasha
  5429 | D:4      | Gained mutation: You are robust. (+10% HP) [potion of
                  | mutation]
  5429 | D:4      | Lost mutation: You are robust. (+10% HP) [potion of
                  | mutation]
  5429 | D:4      | Gained mutation: You are dopey. (Int -2) [potion of
                  | mutation]
  5429 | D:4      | Gained mutation: You are partially covered in iridescent
                  | scales. (AC +2) [potion of mutation]
  5476 | D:5      | Entered Level 5 of the Dungeon
  5590 | D:5      | Reached skill level 5 in Transmutations
  5594 | D:5      | Noticed a two-headed ogre
  5599 | D:5      | Mangled by a two-headed ogre

Illustrated notes

Levels and vault maps discovered:
D:1:      erik_arrival_cave_to_civilisation [erik_arrival_cave_to_hall],
          layout_basic
D:2:      layout_basic
D:3:      layout_basic
D:4:      layout_basic, kennysheep_mini_moat, nicolae_wu_jian_glorious_leap,
          serial_rivers, chequers_serial_rivers_marsh,
          chequers_serial_rivers_micro_b, chequers_serial_rivers_room_a,
          chequers_serial_rivers_large_b, uniq_menkaure, uniq_ijyb,
          uniq_natasha, uniq_sigmund
D:5:      layout_cave_pods, mainiacjoe_overflow_concentric_impassable,
          lemuel_crystal_altar, portal_sewer_entry_b, minivault_27

Skill      XL: |  1  2  3  4  5  6  7 |
---------------+----------------------+-----
Transmutations | 3 4 5 |  5.0
Unarmed Combat | 4 5 |  5.6
Spellcasting   | 3 4 |  4.6
Fighting       | |  1.0
Dodging        | |  2.1
Stealth        | |  0.9

Action                   |  1- 3 |  4- 6 |  7- 9 || total
-------------------------+-------+-------+-------++-------
Melee: Unarmed           |    74 |    79 |    33 ||   186
       Tentacles         |    13 |     3 |     3 ||    19
       Constrict         |    18 |     4 |     1 ||    23
       Kick              |     7 |     4 |       ||    11
       Punch             |     4 |       |       ||     4
 Cast: Beastly Appendage |    13 |     1 |       ||    14
       Wereblood         |     1 |       |       ||     1
       Spider Form       |     1 |     9 |     3 ||    13
       Ice Form          |       |     2 |       ||     2
  Use: Potion            |     1 |       |     4 ||     5
       Scroll            |       |     6 |     1 ||     7
 Stab: Sleeping          |    10 |     3 |       ||    13
Armor: Skin              |     4 |     4 |     1 ||     9
Dodge: Dodged            |    42 |    54 |    18 ||   114
